 Dungeon Crawl Stone Soup version 0.21-a0-525-ga34b322 (webtiles) character file.

138 theanonym the Skirmisher (level 5, -4/47 HPs)
             Began as a Ghoul Fighter on Dec 7, 2017.
             Slain by Sigmund
             ... wielding a +0 scythe
              (8 damage)
             ... on level 2 of the Dungeon.
             The game lasted 00:05:26 (2291 turns).

theanonym the Skirmisher (Ghoul Fighter)            Turns: 2291, Time: 00:05:27

Health: -4/47      AC:  6    Str: 21    XL:     5   Next: 21%
Magic:  4/4        EV:  7    Int:  8    God:
Gold:   148        SH:  9    Dex:  8    Spells: 4/4 levels left

rFire    . . .     SeeInvis .   a - +0 war axe
rCold    + . .     Gourm    .   c - +1 shield
rNeg     + + +     Faith    .   b - +0 scale mail {10}
rPois    ∞         Spirit   .   (no helmet)
rElec    .         Reflect  .   (no cloak)
rCorr    .         Harm     .   (no gloves)
MR       .....                  (no boots)
Stlth    ..........             (no amulet)
HPRegen  0.00/turn              (no ring)
MPRegen  0.09/turn              (no ring)

@: brilliant, flying (expiring), rotting
A: rotting body, claws 1, carnivore 3, cold resistance 1, negative energy
resistance 3, inhibited regeneration, torment resistance, unbreathing
a: no special abilities


Innate Abilities, Weirdness & Mutations

Your body is rotting away.
You thrive on raw meat.
You are immune to poison.
You have sharp fingernails.
You are carnivorous and can eat meat at any time.
Your flesh is cold resistant. (rC+)
You are immune to negative energy. (rN+++)
You do not regenerate when monsters are visible.
You are immune to unholy pain and torment.
You can survive without breathing.


   Skills:
 + Level 4.5 Fighting
 * Level 4.0 Axes
 - Level 2.6 Armour
 - Level 2.6 Shields


You had 4 spell levels left.
You didn't know any spells.

Skill      XL: |  1  2  3  4  5 |
---------------+----------------+-----
Axes           | 2 3 4 |  4.0
Fighting       | 4 |  4.5
Armour         | |  2.6
Shields        | |  2.6

Action                   |  1- 3 |  4- 6 || total
-------------------------+-------+-------++-------
Melee: War axe           |    57 |   135 ||   192
Throw: Javelin           |       |     2 ||     2
  Use: Potion            |     1 |     5 ||     6
       Scroll            |       |     1 ||     1
 Stab: Invisible         |       |     1 ||     1
  Eat: Chunk             |     2 |     7 ||     9
Armor: Scale mail        |    27 |    44 ||    71
Dodge: Dodged            |    21 |    38 ||    59
Block: Shield            |    29 |    68 ||    97

Inventory:

Hand Weapons
 a - a +0 war axe (weapon)
Missiles
 g - 3 javelins (quivered)
Armour
 b - a +0 scale mail (worn) {10}
 c - a +1 shield (worn)
 f - a +0 helmet
   (You took it off Robin on level 2 of the Dungeon)
 m - a +1 pair of gloves
   (You found it on level 1 of the Dungeon)
Scrolls
 o - a scroll of teleportation {unknown}
 p - a scroll of identify {unknown}
Potions
 h - 2 potions of flight
 l - a potion of brilliance
Comestibles
 d - 4 chunks of flesh
 e - a royal jelly
 j - a meat ration

Dungeon Overview and Level Annotations

Branches:
Dungeon (3/15)

Altars:

Annotations:
D:2 Sigmund


You were on level 2 of the Dungeon.
You were not hungry.

You visited 1 branch of the dungeon, and saw 3 of its levels.

You collected 148 gold pieces.


Message History

You take 7 damage, and have 27/47 hp!
It was a potion of heal wounds!
You feel much better!
A hobgoblin comes into view! It is wielding a club!
Health restored: 47 It was a potion of brilliance!
You feel clever all of a sudden!
The hobgoblin shouts!!!
Something hits you!!!
You take 11 damage, and have 36/47 hp!
MASSIVE DAMAGE!!!!!!
It was a potion of invisibility!
You fade into invisibility!!!
Something hits you but does no damage!
The hobgoblin moves out of view!
You are very lightly contaminated with residual magic!
It was a potion of magic!
Magic courses through your body! The rat bites you but does no damage!
You miss something! You cut the rat into ribbons!!!
You annihilate the rat!!!
The jackal barks!!!
Something hits you but does no damage!
You miss something!
You catch the helpless jackal completely off-guard!!!
You carve the jackal like a ham! You block the jackal's attack!
You block something's attack!
You miss something! You miss the jackal! The jackal barely misses you!
You block something's attack! The jackal barely misses you!
You closely miss something! You barely miss the jackal!
You open the hobgoblin like a pillowcase!
You annihilate the hobgoblin!!!
You block the jackal's attack! Something hits you!!!
You take 9 damage, and have 27/47 hp!
You closely miss something! You cut the jackal into ribbons!
You annihilate the jackal!!!
The jackal barks!!!
Something hits you! The jackal barely misses you!
You take 3 damage, and have 24/47 hp!
You closely miss something! You cut the jackal into ribbons!!!
You annihilate the jackal!!!
Something hits you but does no damage!
You miss something!
You hear some strange, mumbled words!
A puff of flame appears from out of thin air!!!
The puff of flame hits you!!! * * * don't die
* * * You take 5 damage, and have 19/47 hp!
You barely miss something! Something completely misses you!
You barely miss something! You block something's attack!
You carve something like a ham!!!
You flicker for a moment!
You start resting!
Something hits you but does no damage!
You start resting!
Something hits you! * * * don't die
* * * You take 5 damage, and have 14/47 hp!
Found 23 arrows!
Things that are here:
a jackal corpse x2
As you read the scroll labeled ITSEAHYATA, it crumbles to dust!
It is a scroll of enchant armour!
Your +0 shield glows green for a moment!
You flicker back into view!
Something hits you! * * * don't die
* * * You take 5 damage, and have 9/47 hp!
You hear some strange, mumbled words!
You are confused!
Okay, then!
You're too confused!!!
Unknown command!
You are more confused!
You bump into the rock wall!
You bump into the rock wall!
A magic dart appears from out of thin air!!!
The magic dart hits you!!!
You bump into the rock wall!
You feel less confused!
Sigmund appears from thin air!!!
Reactivating autopickup!
Sigmund screams, "Don't try to resist!!!"
You block Sigmund's attack!
You cut Sigmund into ribbons! You block Sigmund's attack!
You closely miss Sigmund! Sigmund gestures at you while chanting!
The magic dart hits you!!! * * * don't die
* * * You block Sigmund's attack!
You take 4 damage, and have 5/47 hp!
You barely miss Sigmund! You carve Sigmund but do no damage!
Sigmund casts a spell!
Sigmund flickers and vanishes!!!
Deactivating autopickup; reactivate with Ctrl-A!
Something hits you but does no damage!
You closely miss something! Something hits you! * * * don't die
* * * You take 1 damage, and have 4/47 hp!
You miss something!
You are starting to lose your buoyancy!
You block something's attack!
Your magical contamination has completely faded away!
You miss something! Something hits you!!! rip

## .# ####### # .#
#...... #. .# #.#####
###.#### .# #.#####
#### ##......##.##
#.##...
.g.##...##..........##
#.##.##
................@....#
#.##.##
...##...###..##{###..#
#...... #### ## #.
#.## ..# ####.## #
#..# .# #.# #. ##.#
.(# #.# ##+##
#..###.##..# #.#
##...###....(.....#
#####.##
##.....##.........##
#.......
##.>.....######.####
#.#.#.##


There were no monsters in sight!

Notes
Turn   | Place    | Note
-------+----------+-------------------------------------------
     0 | D:1      | theanonym the Ghoul Fighter began the quest for the Orb.
     0 | D:1      | Reached XP level 1. HP: 19/19 MP: 0/0
    21 | D:1      | You fall through a shaft!
   160 | D:2      | Reached skill level 2 in Axes
   180 | D:2      | Noticed Robin
   189 | D:2      | Reached XP level 2. HP: 21/26 MP: 1/1
   205 | D:2      | HP: 13/26 [Robin/dagger (1)]
   209 | D:2      | Killed Robin
   209 | D:2      | Reached XP level 3. HP: 9/33 MP: 2/2
   479 | D:2      | Found a faded altar of an unknown god.
   587 | D:2      | Reached skill level 4 in Fighting
   587 | D:2      | Reached skill level 3 in Axes
   674 | D:2      | Reached XP level 4. HP: 30/40 MP: 3/3
   758 | D:2      | Noticed Sigmund
  1829 | D:1      | Reached XP level 5. HP: 47/47 MP: 4/4
  2249 | D:2      | Reached skill level 4 in Axes
  2261 | D:2      | HP: 19/47 [something/puff of flame (5)]
  2267 | D:2      | HP: 14/47 [something (5)]
  2286 | D:2      | HP: 5/47 [Sigmund/magic dart (4)]
  2291 | D:2      | Slain by Sigmund

Vanquished Creatures
  A worker ant (D:2)
  Robin (D:2)
  2 adders (D:2)
  2 dart slugs (D:1)
  2 orcs (D:3)
  A ball python (D:2)
  6 giant cockroaches (D:1)
  7 hobgoblins
  6 jackals
  2 quokkas (D:2)
  6 bats
  3 frilled lizards
  17 goblins
  9 kobolds
  10 rats
75 creatures vanquished.

Table legend:
 A = Turns spent in this place as a percentage of turns spent in the entire game.
 B = Non-inter-level travel turns spent in this place as a percentage of non-inter-level travel turns spent in the entire game.
 C = Inter-level travel turns spent in this place as a percentage of turns spent in this place.
 D = Turns resting spent in this place as a percentage of non-inter-level travel turns spent in this place.
 E = Turns spent auto-exploring this place as a percentage of non-inter-level travel turns spent in this place.
 F = Non-inter-level travel turns spent in this place divided by the number of levels of this place that you've seen.
                   A       B       C       D       E      F
               +-------+-------+-------+-------+-------+----------------------
         Total | 100.0 | 100.0 |   1.4 |  22.9 |  58.1 | 752.7
       Dungeon | 100.0 | 100.0 |   1.4 |  22.9 |  58.1 | 752.7
               +-------+-------+-------+-------+-------+----------------------
